 Dungeon Crawl Stone Soup version 0.31-a0-237-g2d982f9f85 (webtiles) character file.

Game seed: 4295832869263528550

805 qw the Skirmisher (level 7, -9/61 HPs)
             Began as a Minotaur Hexslinger on July 10, 2023.
             Mangled by an ogre
             ... wielding a +0 giant club
              (11 damage)
             ... on level 5 of the Dungeon.
             The game lasted 00:01:42 (3980 turns).

qw the Skirmisher (Minotaur Hexslinger)             Turns: 3980, Time: 00:01:43

Health: -9/61      AC:  5    Str: 12    XL:     7   Next: 60%
Magic:  7/7        EV: 11    Int: 10    God:
Gold:   223        SH:  0    Dex: 15    Spells: 7/8 levels left

rFire   . . .        a - +0 orcbow
rCold   . . .        (shield currently unavailable)
rNeg    + . .        b - +0 ring mail
rPois   .            (helmet restricted)
rElec   .            k - scarf {repulsion}
rCorr   .            (no gloves)
SInv    .            (no boots)
Will    .....        (no amulet)
Stlth   +            c - ring of positive energy
HPRegen 0.30/turn    (no ring)
MPRegen 0.10/turn

%: repel missiles
@: about to teleport
A: horns 2, retaliatory headbutt
a: no special abilities


You were on level 5 of the Dungeon.
You visited 1 branch of the dungeon, and saw 5 of its levels.

You collected 223 gold pieces.


Innate Abilities, Weirdness & Mutations

You have a pair of horns on your head.
You reflexively headbutt those who attack you in melee.


   Skills:
 - Level 5.2 Fighting
 + Level 8.3 Ranged Weapons
 - Level 1.0 Armour
 - Level 2.1 Dodging
 - Level 1.0 Spellcasting
 - Level 2.0 Hexes


You had 7 spell levels left.
You knew the following spells:

 Your Spells              Type           Power      Damage    Failure   Level
a - Slow                  Hex            16%        N/A       34%         1

Your spell library contained the following spells:

 Spells                   Type           Power      Damage    Failure   Level
 Inner Flame              Hex/Fire       2%         N/A       83%         3
 Portal Projectile        Hex/Tloc       4%         N/A       83%         3
 Cause Fear               Hex            2%         N/A       98%         4

Inventory:

Hand Weapons
 a - a +0 orcbow (weapon)
Armour
 b - a +0 ring mail (worn)
 k - a scarf of repulsion (worn)
Jewellery
 c - a ring of positive energy (left hand)
Scrolls
 f - a scroll of teleportation
Potions
 d - a potion of ambrosia {unknown}
 e - a potion of curing {unknown}
 g - a potion of might {unknown}
 h - a potion of mutation {unknown}
 i - a potion of enlightenment
 j - a potion of heal wounds
 m - a potion of magic {unknown}
 n - a potion of invisibility {unknown}
 p - a potion of cancellation {unknown}

Dungeon Overview and Level Annotations

Branches:
Dungeon (5/15)
 Temple: D:4-7

Altars:
Ashenzari
Gozag
Makhleb
Sif Muna
Uskayaw
Yredelemnul
Zin


Message History

You shoot an arrow. The arrow closely misses the orc.
You shoot an arrow. The arrow hits the orc!
You kill the orc!
You shoot an arrow. The arrow hits the orc!
You kill the orc!
A gnoll comes into view. It is wielding a +0 flail.
The gnoll shouts!
Enter note:
Enter note:
Enter note: You shoot an arrow.
The arrow hits the gnoll.
The gnoll is heavily wounded.
An ogre comes into view. It is wielding a +0 giant club.
You shoot an arrow. The ogre shouts!
The arrow hits the gnoll!
You kill the gnoll!
An orc comes into view. It is wielding a +0 dagger.
You shoot an arrow. The arrow hits the ogre.
The ogre is lightly wounded.
You shoot an arrow. The arrow hits the ogre.
The ogre is moderately wounded.
You shoot an arrow. The arrow hits the ogre.
The ogre is heavily wounded.
You shoot an arrow. The arrow hits the ogre.
The ogre is heavily wounded.
You shoot an arrow. The arrow barely misses the ogre.
The ogre hits you with a +0 giant club!
You shoot an arrow. The arrow hits the ogre.
The ogre is heavily wounded.
You shoot an arrow. The arrow hits the ogre.
The ogre is heavily wounded.
The ogre hits you with a +0 giant club!!
You shoot an arrow. The arrow barely misses the ogre.
The ogre hits you with a +0 giant club!!
3980 ||| READING 2 scrolls of teleportation.
As you read the scroll of teleportation, it crumbles to dust.
You feel strangely unstable. The ogre hits you with a +0 giant club!
You die...

##..# #.......#
##.## #.......###
#..# #........##
#..## #..#..._.)#
##..# #...#.......
#..## #.. #.......
#...# #.........##
#.#.#####...##....#
#..@...............
#...O......:.....##
#...<...........#
#...............
....$......
¤~¤~~~~~¤¤..
#¤~..))......
#.¤.~~~~~.~..


You could see an ogre.

Vanquished Creatures
  Sigmund (D:3)
  An ogre (D:4)
  2 centaurs
  A scorpion (D:4)
  A howler monkey (D:5)
  A hound (D:4)
  Robin (D:3)
  5 adders
  7 gnolls
  3 worms
  5 dart slugs
  12 orcs
  6 ball pythons
  6 endoplasms
  A giant cockroach (D:1)
  12 goblins
  19 hobgoblins
  5 jackals
  4 quokkas
  5 bats
  2 frilled lizards (D:3)
  8 kobolds
  7 rats
115 creatures vanquished.

Notes
Turn   | Place    | Note
-------+----------+-------------------------------------------
     0 | D:1      | qw the Minotaur Hexslinger began the quest for the Orb.
     0 | D:1      | Reached XP level 1. HP: 16/16 MP: 1/1
     0 | D:1      | 0 ||| qw: Version: 0.3-a-52-g30416fa
     0 | D:1      | 0 ||| qw: Game counter: 5299
     0 | D:1      | 0 ||| qw: Melee chars always use a shield: true
     0 | D:1      | 0 ||| qw: God list: Okawaru
     0 | D:1      | 0 ||| qw: Allow faded altars: false
     0 | D:1      | 0 ||| qw: Do Orc after clearing Dungeon:15 true
     0 | D:1      | 0 ||| qw: Do second Lair branch before Depths: true
     0 | D:1      | 0 ||| qw: Lair rune preference: random
     0 | D:1      | 0 ||| qw: Goals: Normal
     0 | D:1      | 0 ||| PLANNING D:1-11
    53 | D:1      | HP: 3/16 [goblin/+0 dagger (3)]
    67 | D:1      | Reached skill level 3 in Ranged Weapons
    67 | D:1      | Reached XP level 2. HP: 10/23 MP: 2/2
   547 | D:1      | Reached XP level 3. HP: 29/29 MP: 3/3
   626 | D:1      | Found a faded altar of an unknown god.
   689 | D:1      | 689 ||| UPGRADING to +0 leather armour.
   699 | D:1      | 699 ||| DROPPING +0 robe.
   700 | D:1      | 700 ||| READING scroll labelled GUDIUFAECU.
   701 | D:1      | 701 ||| READING scroll labelled IWKAIM GUECHYMEK.
   705 | D:1      | 705 ||| DROPPING scroll of poison.
   839 | D:2      | 839 ||| FLEEEEING.
   840 | D:2      | 840 ||| FLEEEEING.
   848 | D:2      | Reached skill level 4 in Ranged Weapons
   996 | D:2      | Reached XP level 4. HP: 36/36 MP: 4/4
  1102 | D:2      | 1102 ||| FLEEEEING.
  1103 | D:2      | 1103 ||| FLEEEEING.
  1104 | D:2      | 1104 ||| FLEEEEING.
  1105 | D:2      | 1105 ||| FLEEEEING.
  1106 | D:2      | 1106 ||| FLEEEEING.
  1107 | D:2      | 1107 ||| FLEEEEING.
  1110 | D:2      | 1110 ||| FLEEEEING.
  1111 | D:2      | 1111 ||| FLEEEEING.
  1113 | D:2      | 1113 ||| FLEEEEING.
  1114 | D:2      | 1114 ||| FLEEEEING.
  1115 | D:2      | 1115 ||| FLEEEEING.
  1116 | D:2      | 1116 ||| FLEEEEING.
  1302 | D:2      | Found a broken altar of Ashenzari.
  1383 | D:2      | 1383 ||| UPGRADING to +0 ring mail.
  1393 | D:2      | 1393 ||| DROPPING +0 leather armour.
  1394 | D:2      | 1394 ||| READING scroll labelled CUCEMULILE.
  1395 | D:2      | 1395 ||| READING scroll labelled NATIWO YSCHEMN.
  1396 | D:2      | 1396 ||| DRINKING 2 metallic sapphire potions.
  1534 | D:3      | Reached skill level 1 in Armour
  1645 | D:3      | Noticed Sigmund
  1653 | D:3      | Killed Sigmund
  1654 | D:3      | Reached skill level 6 in Ranged Weapons
  1654 | D:3      | Reached XP level 5. HP: 27/41 MP: 5/5
  1654 | D:3      | Reached XP level 6. HP: 32/48 MP: 6/6
  1828 | D:3      | Noticed Robin
  1836 | D:3      | 1836 ||| FLEEEEING.
  1837 | D:3      | 1837 ||| FLEEEEING.
  1838 | D:3      | 1838 ||| FLEEEEING.
  1839 | D:3      | 1839 ||| FLEEEEING.
  1840 | D:3      | 1840 ||| FLEEEEING.
  1841 | D:3      | 1841 ||| FLEEEEING.
  1842 | D:3      | 1842 ||| FLEEEEING.
  1863 | D:3      | Killed Robin
  1989 | D:3      | Found an opulent altar of Gozag.
  2574 | D:3      | 2574 ||| SWAPPING to +0 shortbow.
  2576 | D:3      | 2576 ||| DROPPING +2 sling of flaming.
  2647 | D:3      | 2647 ||| UPGRADING to scarf of repulsion.
  2652 | D:3      | 2652 ||| READING scroll labelled PADIH ZAUREEMP.
  2653 | D:3      | 2653 ||| READING 3 scrolls labelled OJAZYI JUONO.
  2654 | D:3      | 2654 ||| DROPPING 2 scrolls of vulnerability.
  2720 | D:4      | 2720 ||| STAIRDANCE
  2783 | D:4      | Reached skill level 7 in Ranged Weapons
  3060 | D:4      | Found a basalt altar of Yredelemnul.
  3168 | D:4      | Reached XP level 7. HP: 29/59 MP: 7/7
  3377 | D:4      | Found a hide-covered altar of Uskayaw.
  3438 | D:4      | Noticed an angel
  3443 | D:4      | Found a glowing silver altar of Zin.
  3515 | D:4      | Found a shimmering blue altar of Sif Muna.
  3536 | D:4      | 3536 ||| UPGRADING to ring of positive energy.
  3537 | D:4      | 3537 ||| READING scroll labelled KEFINI PUOKKUKK.
  3538 | D:4      | 3538 ||| READING scroll labelled XIPTESHR EZ HUL.
  3539 | D:4      | 3539 ||| READING scroll labelled SAT ZEECIMNAD.
  3557 | D:5      | Entered Level 5 of the Dungeon
  3557 | D:5      | Found a burning altar of Makhleb.
  3563 | D:5      | 3563 ||| STAIRDANCE
  3567 | D:4      | Reached skill level 8 in Ranged Weapons
  3716 | D:5      | 3716 ||| STAIRDANCE
  3797 | D:5      | Identified the +5 short sword "Peyrop" {heavy, Drain rElec
                  | rC+ Dex+4}
  3807 | D:5      | 3807 ||| SWAPPING to +0 orcbow.
  3808 | D:5      | 3808 ||| DROPPING +0 shortbow.
  3868 | D:5      | HP: 14/61 [gnoll/+0 spear (6)]
  3869 | D:5      | 3869 ||| READING 3 scrolls of teleportation.
  3870 | D:5      | 3870 ||| DRINKING 2 potions of heal wounds.
  3979 | D:5      | HP: 2/61 [ogre/+0 giant club (24)]
  3980 | D:5      | 3980 ||| READING 2 scrolls of teleportation.
  3980 | D:5      | Mangled by an ogre

Levels and vault maps discovered:
D:1:      ncdulo_smallfort, layout_rooms,
          shapermc_ecumenical_altar_mp_highgroup, roderic_roman_lattice,
          st_stairs_12, minmay_close_crescents
D:2:      layout_basic, basic_altar, st_stairs_1, minmay_misc_feat_doors,
          hex_large
D:3:      minmay_wonky_spiral, layout_loops_corners, grunt_gozag_statues,
          kennysheep_generic_room_9, uniq_robin, uniq_sigmund
D:4:      layout_cave_pools, yredelemnul_altar_generic,
          nicolae_uskayaw_suspiria, zin_angel, lemuel_tele_altar
D:5:      layout_rooms, mainiacjoe_overflow_24_doors, bloody_makhleb,
          mainiacjoe_overflow_concentric_impassable,
          minmay_temple_entry_overgrown, minmay_misc_feat_columns,
          eino_tiny_chamber, supply_closet_lemuel

Skill      XL: |  1  2  3  4  5  6  7 |
---------------+----------------------+-----
Ranged Weapons | 3 4 6 7 8 |  8.3
Fighting       | 2 4 5 |  5.2
Armour         | 1 |  1.0
Dodging        | |  2.1
Spellcasting   | |  1.0
Hexes          | |  2.0

Action                     |  1- 3 |  4- 6 |  7- 9 || total
---------------------------+-------+-------+-------++-------
   Fire: Sling             |   120 |   129 |       ||   249
         Shortbow          |       |    69 |    35 ||   104
         Orcbow            |       |       |    37 ||    37
    Use: Scroll            |     2 |     4 |     5 ||    11
         Potion            |       |     1 |     1 ||     2
 Armour: Robe              |     4 |       |       ||     4
         Leather armour    |     5 |     3 |       ||     8
         Ring mail         |       |    21 |    11 ||    32
  Dodge: Dodged            |    29 |    66 |    38 ||   133
         Repelled          |       |       |     1 ||     1

Table legend:
 A = Non-vault XP
 B = Vault XP
 C = Vault XP percentage of total XP
 D = Non-vault monster count
 E = Vault monster count
 F = Vault count percentage of total count
                 A         B        C        D         E       F
            +---------+---------+-------+---------+---------+-------
      Total |     849 |     301 |  26.2 |      90 |      25 |  21.7
            +---------+---------+-------+---------+---------+-------
        D:1 |      38 |       9 |  19.1 |      21 |       6 |  22.2
        D:2 |      72 |       7 |   8.9 |      23 |       3 |  11.5
        D:3 |     161 |     285 |  63.9 |      17 |      16 |  48.5
        D:4 |     349 |       0 |   0.0 |      21 |       0 |   0.0
        D:5 |     229 |       0 |   0.0 |       8 |       0 |   0.0
            +---------+---------+-------+---------+---------+-------
